Map: [ESL] Stargazers

Players

ByuN - Winner!

  • Race: Terran Terran
  • Spawn Location: 1:00

heebeom (SHIN)

  • Race: Zerg Zerg
  • League: Master
  • Spawn Location: 11:00

VOD

Have the link to the VOD?

Description

Time

  • Played on: Nov. 4, 2022, 6:59 a.m.
  • Length: 14:39
Show
View Real Time Build Order
Export as new Build Order

ByuN Terran - Winner!

Build Orders: Command Center First (CC) 

Get SALT Encoding   

  12  0:00  SCV  
  13  0:12  SCV  
  14  0:17  Supply Depot  
  14  0:24  SCV  
  15  0:38  SCV  
  16  0:50  SCV  
  17  0:57  Command Center  
  17  1:02  SCV  
  18  1:11  Barracks  
  18  1:14  SCV  
  19  1:19  Refinery  
  19  1:27  SCV  
  20  1:33  Barracks  
  20  1:39  SCV  
  21  1:45  Refinery  
  21  1:51  SCV  
  22  1:58  Marine  
  23  2:03  Orbital Command  
  23  2:11  Orbital Command  
  23  2:16  Barracks Reactor  
  23  2:19  Barracks Tech Lab  
  23  2:27  Bunker  
  23  2:29  SCV  
  24  2:37  SCV  
  24  2:38  Marine  
  24  2:40  Stimpack  
  24  2:43  SCV  
  27  2:54  SCV, Factory  
  27  2:56  Marine  
  27  2:57  Marine  
  27  2:58  Marine  
  31  3:01  SCV  
  31  3:05  Supply Depot  
  32  3:07  SCV  
  33  3:14  Marine  
  33  3:15  Marine x2  
  33  3:18  SCV  
  38  3:20  SCV  
  38  3:30  SCV  
  38  3:31  Marine  
  38  3:32  SCV, Marine  
  38  3:33  Marine  
  43  3:34  Supply Depot  
  43  3:40  Starport  
  43  3:41  Factory Reactor  
  43  3:44  SCV x2  
  45  3:49  Marine  
  46  3:57  Supply Depot  
  46  3:59  Supply Depot, Marine x2  
  46  4:00  SCV x2  
  50  4:08  Marine  
  51  4:12  SCV x2  
  51  4:17  Marine  
  53  4:18  Marine  
  53  4:20  Supply Depot  
  55  4:24  SCV x2  
  55  4:25  Medivac x2  
  55  4:26  Marine  
  55  4:28  Combat Shield  
  62  4:36  SCV x2, Marine x2  
  66  4:44  Supply Depot, Marine  
  67  4:53  Marine  
  67  4:54  Marine  
  67  4:55  Widow Mine  
  67  4:59  Command Center  
  71  5:00  Refinery  
  71  5:01  SCV x2, Marine  
  71  5:02  Refinery  
  71  5:05  Medivac  
  76  5:11  Engineering Bay  
  76  5:15  Engineering Bay  
  76  5:18  Supply Depot, SCV x2  
  78  5:30  SCV  
  78  5:31  SCV  
  80  5:38  Factory Reactor  
  80  5:41  Barracks  
  80  5:43  Barracks  
  80  5:44  SCV x2  
  80  5:47  Barracks  
  80  5:49  Terran Infantry Armor Level 1, Terran Infantry Weapons Level 1  
  82  5:50  Starport Reactor  
  82  5:53  Marine  
  82  5:54  Marine x2  
  82  5:56  SCV x2  
  87  5:59  Supply Depot  
  87  6:08  SCV  
  88  6:13  Marine x3  
  88  6:15  SCV  
  88  6:16  Orbital Command  
  88  6:20  SCV  
  88  6:25  Orbital Command  
  88  6:27  SCV  
  88  6:30  Marine x2  
  88  6:31  Marine  
  88  6:32  SCV  
  92  6:34  Marine x2  
  92  6:36  Barracks Reactor  
  92  6:37  Barracks Reactor, Medivac x2, Widow Mine x2  
  92  6:39  SCV  
  98  6:44  SCV, Armory  
  99  6:48  Marine x2  
  101  6:56  Marine x2  
  101  6:57  Marine  
  101  6:59  SCV  
  101  7:00  SCV x2  
  102  7:06  Marine  
  102  7:07  Refinery  
  103  7:09  Supply Depot  
  103  7:10  Supply Depot  
  103  7:11  SCV  
  103  7:12  Barracks x2, Marine x3, SCV x2  
  103  7:13  Barracks  
  103  7:14  Marine x3  
  103  7:15  Marine  
  112  7:17  Marine  
  114  7:23  SCV  
  114  7:24  SCV x2  
  117  7:30  Marine x4  
  117  7:31  Supply Depot  
  117  7:32  Supply Depot  
  117  7:34  Supply Depot  
  121  7:37  Marine x4  
  125  7:46  Marine  
  125  7:48  Terran Infantry Weapons Level 2, Widow Mine x2, Terran Infantry Armor Level 2, Marine x3  
  125  7:50  Marine  
  130  7:54  SCV x2  
  130  7:55  SCV, Marine  
  122  8:05  Marauder  
  124  8:06  SCV x2  
  124  8:07  SCV  
  124  8:10  Supply Depot x2  
  127  8:17  Marine x6  
  127  8:18  Barracks Tech Lab x3, Marine  
  127  8:19  Marine  
  135  8:28  Command Center, Widow Mine x2  
  135  8:32  Supply Depot  
  135  8:33  Supply Depot  
  139  8:36  Missile Turret  
  139  8:39  Marine x5  
  139  8:41  Marine x2  
  144  8:43  Marauder, Marine  
  138  8:57  Marine x3  
  138  8:58  Marine x2  
  138  8:59  Widow Mine x2  
  138  9:00  Marauder x2  
  138  9:01  Marauder  
  138  9:02  Concussive Shells  
  139  9:04  Marauder  
  139  9:05  Medivac, Marine  
  144  9:16  Medivac  
  142  9:22  Marauder x2  
  146  9:26  Widow Mine, Marauder  
  146  9:27  Widow Mine  
  152  9:32  Factory  
  152  9:35  Medivac  
  151  9:41  Marine  
  131  9:46  Medivac, Marauder  
  131  9:47  Widow Mine, Marauder x2, Marine x3  
  131  9:49  Widow Mine  
  131  9:50  Marine x2  
  131  9:51  Marine x3  
  132  9:59  Marine  
  123  10:04  Marine  
  123  10:05  Medivac, Marine x2  
  123  10:07  Marine  
  124  10:08  Marine x4  
  124  10:09  Widow Mine, Marauder  
  124  10:10  Widow Mine, Marine x2  
  124  10:13  SCV x2  
  136  10:15  SCV  
  136  10:16  Factory Tech Lab, Medivac  
  136  10:18  Marine  
  140  10:22  Marine  
  140  10:25  Marauder, Orbital Command  
  140  10:26  Marauder  
  145  10:30  Widow Mine, Marine x5  
  145  10:31  Marine x2  
  145  10:35  Terran Infantry Weapons Level 3, Medivac  
  156  10:39  Terran Infantry Armor Level 3  
  140  10:50  Marauder x2  
  140  10:52  Marine  
  140  10:53  Marine x6  
  140  10:54  Widow Mine x2, Marine x2  
  140  10:56  Widow Mine, Marauder  
  157  11:03  SCV x3  
  161  11:04  SCV  
  161  11:08  Medivac x2  
  161  11:10  Marine x2  
  161  11:11  Marauder x2, Marine x3  
  174  11:13  Marauder  
  174  11:14  Marine  
  174  11:16  Marine  
  174  11:17  Marine x2  
  174  11:18  Widow Mine x2  
  183  11:28  Marine x3  
  183  11:31  Widow Mine, Marine  
  183  11:32  Marauder, Marine x2  
  194  11:33  Marauder  
  194  11:34  Marauder  
  194  11:38  Supply Depot  
  196  12:00  Medivac, Marauder  
  200  12:02  Marine x4  
  200  12:03  Marine  
  200  12:04  Marine  
  200  12:06  Widow Mine x2, Marauder  
  200  12:07  Medivac  
  200  12:08  Widow Mine, Marine x2  
  197  12:10  Marine x2  
  181  12:19  Marine x3  
  181  12:20  Marine  
  179  12:23  Command Center, Marauder, Marine  
  179  12:24  Marine  
  179  12:27  Widow Mine, Marine  
  179  12:28  Widow Mine, Marauder  
  179  12:29  Widow Mine, Marine  
  192  12:30  Medivac  
  192  12:33  Marine x2  
  180  12:37  Medivac, Marine x2  
  180  12:38  Marine  
  180  12:42  Marine  
  180  12:43  Marine  
  181  12:44  Marine  
  181  12:46  Marine  
  181  12:48  Marine x2  
  181  12:49  Widow Mine x2  
  181  12:51  Widow Mine  
  185  12:54  Marine x2  
  185  12:56  Marine x2  
  185  12:58  Marine  
  182  13:00  Medivac, Marine  
  182  13:02  SCV x2  
  182  13:04  Marine  
  182  13:05  Marine  
  173  13:07  Medivac, Marine x2  
  173  13:09  Marine  
  173  13:10  Widow Mine, Marine  
  173  13:11  Widow Mine  
  173  13:12  Widow Mine, Marine  
  181  13:16  Marine x2  
  181  13:17  Marine x2  
  182  13:22  Marine x2  
  182  13:24  Marine  
  182  13:25  Marine  
  186  13:27  Marine  
  186  13:28  Marauder, Marine  
  186  13:30  Medivac, Marine  
  186  13:31  Widow Mine  
  186  13:32  Widow Mine  
  186  13:33  Widow Mine  
  197  13:34  Marine x2  
  197  13:37  Medivac, Marine x2  
  197  13:40  Marine x2  
  191  13:42  Marine  
  191  13:43  Marine  
  191  13:45  Marine  
  191  13:46  Marine  
  195  13:51  Ghost Academy  
  195  13:53  Widow Mine x2  
  200  14:03  Marauder  
  200  14:04  Marine  
  200  14:05  Widow Mine, Marine  
  200  14:06  Medivac  
  200  14:08  Marine x2  
  200  14:10  Marauder x2  
  200  14:14  Widow Mine  
  200  14:15  Widow Mine  
  200  14:16  Marine  
  200  14:17  Marine x2  
  180  14:18  SCV x2, Marauder  
  180  14:19  SCV x2  
Show
View Real Time Build Order
Export as new Build Order

heebeom Zerg 

Build Orders: Hatch First 

Get SALT Encoding   

  12  0:00  Drone  
  13  0:12  Overlord  
  13  0:16  Drone  
  14  0:30  Drone x2  
  16  0:48  Hatchery  
  15  0:52  Drone  
  15  0:55  Drone  
  17  0:59  Drone  
  18  1:07  Drone  
  18  1:10  Extractor  
  18  1:19  Spawning Pool  
  18  1:21  Drone  
  18  1:28  Drone  
  19  1:38  Drone  
  20  2:05  Queen x2  
  24  2:08  Drone x3  
  24  2:11  Overlord  
  24  2:13  Drone  
  24  2:14  Metabolic Boost  
  28  2:30  Hatchery  
  28  2:32  Drone  
  28  2:34  Zergling x2  
  29  2:37  Drone  
  29  2:38  Drone  
  29  2:43  Drone x2  
  33  2:49  Queen  
  35  2:54  Overlord  
  35  2:57  Drone  
  36  3:12  Queen  
  38  3:14  Drone x5  
  38  3:19  Overlord  
  44  3:20  Drone  
  44  3:32  Overlord  
  44  3:37  Queen  
  44  3:38  Drone  
  44  3:39  Drone x2  
  49  3:44  Overlord  
  49  3:46  Queen  
  49  3:47  Drone  
  52  3:50  Drone  
  52  3:52  Drone  
  52  3:53  Queen  
  55  3:58  Drone  
  55  4:00  Drone  
  55  4:01  Overlord  
  57  4:04  Drone x3  
  60  4:11  Drone x2  
  60  4:12  Queen  
  64  4:19  Overlord  
  64  4:25  Zergling x8, Queen  
  64  4:26  Zergling x6  
  73  4:31  Zergling x2  
  73  4:33  Overlord  
  73  4:35  Overlord  
  74  4:38  Spore Crawler  
  74  4:39  Drone x4  
  74  4:40  Spore Crawler  
  74  4:42  Zergling x2  
  77  4:46  Spore Crawler, Drone  
  77  4:48  Zergling x2  
  77  4:50  Lair  
  78  4:53  Extractor  
  78  4:56  Zergling x10  
  78  4:57  Zergling x2  
  84  5:00  Zergling x6  
  84  5:03  Zergling x2  
  88  5:07  Baneling Nest  
  88  5:09  Overlord  
  88  5:11  Zergling x2  
  88  5:15  Zergling x2  
  88  5:19  Zergling x2  
  91  5:21  Zergling x8  
  91  5:23  Zergling x4  
  91  5:24  Zergling x2  
  91  5:27  Overlord  
  97  5:30  Drone  
  97  5:34  Drone x2  
  97  5:35  Drone x2  
  102  5:37  Drone, Evolution Chamber  
  102  5:40  Extractor  
  102  5:41  Extractor  
  102  5:42  Evolution Chamber  
  99  5:43  Drone  
  99  5:44  Drone  
  101  5:52  Drone x4  
  101  5:53  Centrifugal Hooks  
  105  5:59  Zergling x2  
  105  6:00  Zergling x2  
  105  6:03  Zergling x2  
  107  6:06  Baneling x7  
  107  6:07  Hatchery  
  107  6:10  Zergling x12  
  107  6:11  Zergling x2  
  104  6:16  Zergling x4  
  104  6:18  Zergling x2  
  104  6:26  Zergling x8  
  104  6:31  Drone x2, Zerg Melee Weapons Level 1  
  102  6:33  Zerg Ground Armor Level 1  
  102  6:38  Zergling x2  
  102  6:41  Zergling x4  
  102  6:43  Queen  
  102  6:45  Baneling x5  
  106  6:48  Zergling x2  
  106  6:50  Zergling x2  
  108  6:54  Zergling x2, Hatchery  
  108  6:58  Baneling x5  
  108  7:00  Zergling x2  
  106  7:03  Zergling x4  
  106  7:07  Baneling  
  106  7:08  Baneling x3  
  108  7:09  Zergling x10  
  108  7:12  Overlord x4  
  113  7:18  Overlord x2  
  113  7:21  Overseer  
  113  7:22  Baneling x3  
  113  7:25  Zergling x10  
  118  7:30  Zergling x2  
  118  7:32  Baneling x4  
  118  7:35  Drone x2  
  118  7:36  Drone x3  
  124  7:38  Zergling x2  
  125  7:45  Zergling x14  
  125  7:49  Queen  
  125  7:56  Drone x4  
  120  7:59  Drone x2  
  120  8:00  Drone  
  120  8:02  Spore Crawler, Drone  
  120  8:04  Hydralisk Den, Drone  
  120  8:05  Drone x2  
  125  8:07  Extractor  
  125  8:08  Drone  
  125  8:09  Drone  
  125  8:11  Drone x2  
  128  8:13  Zergling x2  
  128  8:14  Zergling x10  
  128  8:18  Drone  
  135  8:22  Drone x3  
  135  8:26  Zergling x2  
  139  8:27  Pneumatized Carapace  
  139  8:28  Zerg Melee Weapons Level 2  
  139  8:32  Drone x2  
  139  8:33  Muscular Augments  
  140  8:35  Zergling x16  
  140  8:37  Queen  
  140  8:39  Hatchery  
  149  8:43  Zerg Ground Armor Level 2, Extractor  
  149  8:45  Zergling x6  
  133  8:58  Zergling x18  
  141  9:03  Zergling x2, Hydralisk x3  
  141  9:04  Zergling x2  
  141  9:05  Zergling x2  
  141  9:06  Zergling x2  
  141  9:08  Zergling x4  
  153  9:14  Baneling  
  153  9:15  Baneling x5  
  152  9:19  Hydralisk  
  152  9:20  Zergling x18  
  152  9:21  Overlord  
  162  9:27  Zergling x4  
  162  9:29  Baneling x5  
  164  9:33  Zergling x14  
  163  9:41  Zergling x10  
  151  9:47  Zergling x6  
  151  9:52  Hydralisk x2  
  133  9:53  Zergling x4, Hydralisk  
  127  10:00  Hydralisk  
  127  10:01  Zergling x24  
  127  10:02  Drone  
  127  10:07  Zergling x4, Baneling x6  
  143  10:08  Baneling x2  
  143  10:11  Zergling x2, Grooved Spines  
  140  10:16  Zergling x8, Baneling x2  
  140  10:20  Drone  
  140  10:21  Zergling x4  
  147  10:23  Zergling x6  
  147  10:26  Baneling x4  
  150  10:28  Hydralisk  
  150  10:29  Zergling x2  
  150  10:33  Hydralisk  
  150  10:34  Zergling x6  
  150  10:35  Zergling x4, Spine Crawler  
  158  10:36  Zergling x2  
  158  10:38  Zergling x6  
  158  10:42  Zergling x10  
  162  10:48  Zergling x8  
  162  10:49  Overseer x2  
  151  10:52  Zergling x2, Hydralisk  
  151  10:53  Hydralisk  
  146  10:58  Hydralisk x2  
  146  10:59  Zergling x2  
  146  11:03  Zergling x4  
  146  11:04  Baneling x2  
  153  11:06  Zergling x10  
  153  11:09  Zergling x6, Hatchery  
  158  11:13  Zergling x8  
  160  11:19  Zergling x4  
  160  11:25  Zergling x8  
  157  11:27  Hydralisk  
  157  11:28  Zergling x8  
  157  11:31  Hydralisk x2  
  157  11:32  Zergling x2  
  163  11:35  Hydralisk  
  163  11:36  Zergling x12  
  171  11:41  Baneling x9, Hatchery  
  171  11:44  Overlord x2  
  170  11:52  Baneling x6  
  170  11:53  Zergling x16  
  177  12:01  Zergling x20  
  154  12:09  Zergling x20  
  154  12:12  Zergling x6  
  155  12:18  Hydralisk  
  155  12:19  Zergling x6  
  154  12:24  Hydralisk  
  154  12:25  Zergling x6  
  154  12:27  Baneling x11  
  152  12:33  Zergling x10  
  152  12:35  Zergling x4  
  152  12:36  Zergling x2  
  143  12:37  Zergling x4  
  143  12:39  Zerg Missile Weapons Level 1  
  143  12:40  Zergling x2  
  143  12:44  Zergling x10  
  144  12:46  Zergling x4  
  144  12:47  Zergling x6  
  144  12:48  Zergling x2  
  144  12:49  Zergling x4  
  148  12:53  Baneling x9  
  148  12:54  Zergling x4  
  148  12:56  Zergling x4  
  144  12:59  Zergling x6  
  144  13:00  Zergling x6  
  144  13:02  Hydralisk  
  144  13:03  Zergling x2  
  144  13:04  Zergling x2  
  140  13:07  Zergling x4  
  140  13:10  Overseer x3  
  140  13:11  Zergling x6  
  138  13:15  Zergling x4  
  138  13:16  Zergling x4, Hydralisk  
  139  13:20  Hydralisk  
  139  13:21  Hydralisk  
  139  13:23  Zergling x4  
  145  13:28  Zergling x2  
  145  13:31  Zergling x16  
  145  13:32  Zergling x2  
  148  13:35  Zergling x2  
  148  13:39  Hydralisk  
  148  13:40  Zergling x2, Hydralisk  
  142  13:42  Zergling x2  
  142  13:43  Zergling x10  
  142  13:46  Baneling x7  
  142  13:47  Baneling  
  148  13:50  Zergling x6  
  148  13:52  Zergling x4  
  148  13:53  Baneling x2  
  153  13:59  Zergling x16  
  158  14:08  Zergling x10, Hydralisk  
  133  14:10  Zergling x2  
  133  14:13  Zergling x2  
  133  14:14  Zergling x6  
  133  14:15  Zergling x4  
  133  14:16  Zergling x2  
  129  14:17  Zergling x2  
  129  14:18  Zergling x4  
  129  14:19  Zergling x2  
  129  14:20  Zergling x6  
Tags
 
Add a new tag
Caveats
  • Supply blocks, unpowered buildings, or Contaminate may cause inaccurate times.
  • Supply counts are checked every 10 seconds.